 Dungeon Crawl Stone Soup version 0.31.0-9-g3a7656b989 (webtiles) character file.

Game seed: 9092285736941877906

168 qw the Shooter (level 5, 0/26 HPs)
             Began as a Spriggan Hunter on Feb 2, 2024.
             Incinerated by a bombardier beetle (5 damage)
             ... with a burning spray
             ... on level 3 of the Dungeon.
             The game lasted 00:00:07 (1861 turns).

qw the Shooter (Spriggan Hunter)                    Turns: 1861, Time: 00:00:08

Health: 0/26       AC:  2    Str:  7    XL:     5   Next: 24%
Magic:  6/6        EV: 20    Int: 10    God:
Gold:   116        SH:  0    Dex: 21    Spells: 4/4 levels left

rFire   . . .        a - +0 shortbow
rCold   . . .        (shield currently unavailable)
rNeg    . . .        c - +0 robe
rPois   .            (helmet restricted)
rElec   .            (no cloak)
rCorr   .            (gloves unavailable)
SInv    +            (boots unavailable)
Will    .....        (no amulet)
Stlth   +            (no ring)
HPRegen 0.24/turn    (no ring)
MPRegen 0.10/turn

%: no passive effects
@: on fire, glowing, very quick
A: very small, no large weapons, unfitting armour, see invisible, speed 3
a: no special abilities


You were on level 3 of the Dungeon.
You visited 1 branch of the dungeon, and saw 3 of its levels.

You collected 116 gold pieces.


Innate Abilities, Weirdness & Mutations

You are very small and have problems with some larger weapons.
You are too small for most types of armour.
You have supernaturally acute eyesight. (SInv)
You cover ground extremely quickly. (Speed+++)


   Skills:
 - Level 2.2 Fighting
 + Level 5.3 Ranged Weapons
 - Level 5.0 Dodging
 - Level 1.5 Stealth


You had 4 spell levels left.
You didn't know any spells.
Your spell library was empty.

Inventory:

Hand Weapons
 a - a +0 shortbow (weapon)
Armour
 c - a +0 robe (worn)
Jewellery
 g - a ring of fire
Scrolls
 e - a scroll of identify
 h - a scroll of teleportation
 i - a scroll of immolation {unknown}
Potions
 b - 2 potions of curing {unknown}
 d - 2 potions of mutation
 f - a potion of resistance {unknown}

Dungeon Overview and Level Annotations

Branches:
Dungeon (3/15)

Altars:
Hepliaklqana
Sif Muna

Shops:
D:1 !


Message History

You shoot an arrow. The arrow hits Jessica!
You kill Jessica!
Your Fighting skill increases to level 2!
Found a shimmering blue altar of Sif Muna.
There is a stone staircase leading up here.
Things that are here:
a +0 whip of pain; a +0 leather armour; an orc skeleton You open the door.
A goblin and a bombardier beetle come into view.
You shoot an arrow. The arrow hits the goblin.
The goblin shouts!
The goblin is moderately wounded.
The goblin misses you.
You shoot an arrow. The arrow misses the goblin.
The goblin barely misses you.
You shoot an arrow. The arrow hits the goblin.
You kill the goblin!
You shoot an arrow.
The arrow hits the bombardier beetle but does no damage.
You shoot an arrow.
The arrow closely misses the bombardier beetle.
The bombardier beetle sprays incendiary fluid at you.
The burning spray hits you.
You are covered in liquid fire!
You shoot an arrow. The arrow hits the bombardier beetle.
The bombardier beetle is moderately wounded.
The liquid fire burns you!
You shoot an arrow. The arrow hits the bombardier beetle!
The bombardier beetle is severely wounded.
The liquid fire burns you!
You shoot an arrow.
The arrow completely misses the bombardier beetle.
The liquid fire burns you!
You shoot an arrow. The arrow hits the bombardier beetle.
You kill the bombardier beetle!
The liquid fire burns you!
You have reached level 5!
You feel agile.
You are on fire!
The liquid fire burns you!
You die...

#....#.###..# #.# #.#...
##..........# #.# #.###.
#...........#####.# #..###
#.....(......)..#.# ##.###
#......#####..#...### #[...
#......# ##.......######.
##.###.### ######.##..#####.
#..###...###.)....###.....#.
#..........@.)..#.# #..##...
#..#######)##)..#.####.#####
#..# ... #...#..###.### #..#
..... #...##.......#
#..#....... #...#######..#
#..#....... #...# ####
#..#....... #...#
#..#....... #...#


There were no monsters in sight!

Vanquished Creatures
  A bombardier beetle (D:3)
  Jessica (D:3)
  4 adders
  2 dart slugs
  A ribbon worm (D:2)
  5 orcs (D:3)
  3 ball pythons
  5 bats
  5 endoplasms
  A giant cockroach (D:2)
  2 hobgoblins
  5 jackals (D:2)
  7 kobolds
  4 quokkas
  2 frilled lizards (D:3)
  3 goblins
  5 rats
56 creatures vanquished.

Notes
Turn   | Place    | Note
-------+----------+-------------------------------------------
     0 | D:1      | qw the Spriggan Hunter began the quest for the Orb.
     0 | D:1      | Reached XP level 1. HP: 10/10 MP: 2/2
     0 | D:1      | 0 ||| qw: Version: 0.3-a-155-g5e7d8dd
     0 | D:1      | 0 ||| qw: Game counter: 1288
     0 | D:1      | 0 ||| qw: Melee chars always use a shield: true
     0 | D:1      | 0 ||| qw: God list: Okawaru
     0 | D:1      | 0 ||| qw: Allow faded altars: false
     0 | D:1      | 0 ||| qw: Do Orc after clearing Dungeon:15 true
     0 | D:1      | 0 ||| qw: Do second Lair branch before Depths: true
     0 | D:1      | 0 ||| qw: Lair rune preference: random
     0 | D:1      | 0 ||| qw: Goals: Normal
     0 | D:1      | 0 ||| PLANNING D:1-11
    50 | D:1      | Reached skill level 3 in Dodging
   304 | D:1      | Reached XP level 2. HP: 14/14 MP: 3/3
   475 | D:1      | Found Qopuerr's Distillery.
   482 | D:1      | 482 ||| SHOPLISTING potion of mutation (80 gold, have 40).
   656 | D:1      | 656 ||| READING 2 scrolls labelled PUONIOMYTU.
   657 | D:1      | 657 ||| READING scroll labelled KUNIFINWUKHLI.
   657 | D:1      | 657 ||| IDENTIFYING ruby potion
   658 | D:1      | 658 ||| READING scroll labelled HYUCHOU YT GUO.
   659 | D:1      | 659 ||| READING scroll labelled TOIMPY FITOPITH.
   664 | D:1      | 664 ||| READING scroll labelled ERAOK QITRULL.
   765 | D:1      | 765 ||| DROPPING scroll of butterflies.
   766 | D:1      | 766 ||| DROPPING scroll of blinking.
   863 | D:2      | Reached XP level 3. HP: 18/18 MP: 4/4
  1208 | D:2      | 1208 ||| READING 4 scrolls of identify.
  1208 | D:2      | 1208 ||| IDENTIFYING smoky coppery potion
  1209 | D:2      | 1209 ||| READING 3 scrolls of identify.
  1209 | D:2      | 1209 ||| IDENTIFYING blue potion
  1210 | D:2      | 1210 ||| READING 2 scrolls of identify.
  1210 | D:2      | 1210 ||| IDENTIFYING purple potion
  1211 | D:2      | 1211 ||| READING scroll of identify.
  1211 | D:2      | 1211 ||| IDENTIFYING metallic silvery potion
  1212 | D:2      | 1212 ||| READING scroll labelled VECLUIH JOPHYV.
  1213 | D:2      | 1213 ||| READING scroll labelled RUOTENNEXYG.
  1214 | D:2      | 1214 ||| DROPPING potion of magic.
  1215 | D:2      | 1215 ||| DROPPING potion of berserk rage.
  1216 | D:2      | 1216 ||| DROPPING potion of brilliance.
  1217 | D:2      | 1217 ||| DROPPING potion of ambrosia.
  1239 | D:3      | Reached XP level 4. HP: 21/22 MP: 5/5
  1274 | D:3      | Found a hazy altar of Hepliaklqana.
  1280 | D:3      | Found a faded altar of an unknown god.
  1695 | D:3      | Noticed Jessica
  1699 | D:3      | 1699 ||| FLEEEEING.
  1700 | D:3      | 1700 ||| FLEEEEING.
  1701 | D:3      | 1701 ||| FLEEEEING.
  1741 | D:3      | Killed Jessica
  1749 | D:3      | Found a shimmering blue altar of Sif Muna.
  1860 | D:3      | HP: 4/23 [burnt (4)]
  1861 | D:3      | Reached XP level 5. HP: 5/26 MP: 6/6
  1861 | D:3      | Incinerated by a bombardier beetle

Levels and vault maps discovered:
D:1:      lemuel_arrival_behind_the_door_small, layout_basic, serial_shops,
          shop, nicolae_houndstooth_variations
D:2:      layout_rooms, minmay_misc_feat_pillars
D:3:      layout_rooms, okawaru_altar_gauntlet_db, tgw_sif,
          mainiacjoe_overflow_tiny_flanked,
          hellmonk_ecumenical_altar_crossroads, minivault_25,
          kennysheep_generic_room_8

Skill      XL: |  1  2  3  4 |
---------------+-------------+-----
Dodging        | 3 4 5 |  5.0
Ranged Weapons | 5 |  5.3
Fighting       | 2 |  2.2
Stealth        | |  1.5

Action                     |  1- 3 |  4- 6 || total
---------------------------+-------+-------++-------
   Fire: Shortbow          |    89 |    55 ||   144
    Use: Scroll            |    11 |       ||    11
 Armour: Robe              |     7 |     2 ||     9
  Dodge: Dodged            |    11 |    33 ||    44

Table legend:
 A = Non-vault XP
 B = Vault XP
 C = Vault XP percentage of total XP
 D = Non-vault monster count
 E = Vault monster count
 F = Vault count percentage of total count
                 A         B        C        D         E       F
            +---------+---------+-------+---------+---------+-------
      Total |     204 |      37 |  15.4 |      55 |       1 |   1.8
            +---------+---------+-------+---------+---------+-------
        D:1 |      24 |       0 |   0.0 |      12 |       0 |   0.0
        D:2 |      70 |       0 |   0.0 |      26 |       0 |   0.0
        D:3 |     110 |      37 |  25.2 |      17 |       1 |   5.6
            +---------+---------+-------+---------+---------+-------
